 Dungeon Crawl Stone Soup version 0.32-a0-132-g2d33c3cfaf (webtiles) character file.

Game seed: 3298220834580713762

89 SmokeWeed the Apothecary (level 4, -4/24 HPs)
             Began as a Deep Elf Alchemist on Feb 10, 2024.
             Slain by an ogre
             ... wielding a +0 giant club
              (6 damage)
             ... on level 2 of the Dungeon.
             The game lasted 00:04:01 (2153 turns).

SmokeWeed the Apothecary (Deep Elf Alchemist)       Turns: 2153, Time: 00:04:02

Health: -4/24      AC:  2    Str:  5    XL:     4   Next: 31%
Magic:  9/12       EV: 13    Int: 20    God:
Gold:   41         SH:  0    Dex: 17    Spells: 8/11 levels left

rFire   . . .        e - +0 dagger
rCold   . . .        (no shield)
rNeg    . . .        a - +0 robe
rPois   .            (no helmet)
rElec   .            (no cloak)
rCorr   .            (no gloves)
SInv    .            (no boots)
Will    .....        (no amulet)
Stlth   ++           (no ring)
HPRegen 0.24/turn    (no ring)
MPRegen 0.13/turn

%: no passive effects
@: no status effects
A: no striking features
a: no special abilities


You were on level 2 of the Dungeon.
You visited 1 branch of the dungeon, and saw 3 of its levels.

You collected 41 gold pieces.

Inventory:

Hand Weapons
 e - a +0 dagger (weapon)
Missiles
 c - 7 poisoned darts
 d - 2 boomerangs
Armour
 a - a +0 robe (worn)
Scrolls
 h - a scroll of blinking
Potions
 b - a potion of magic
 f - 2 potions of lignification {unknown}


   Skills:
 + Level 2.7 Dodging
 + Level 2.7 Stealth
 + Level 4.2 Spellcasting
 + Level 1.9 Conjurations
 + Level 1.0 Air Magic
 + Level 4.3 Alchemy


You had 8 spell levels left.
You knew the following spells:

 Your Spells              Type           Power      Damage    Failure   Level
a - Sting                 Conj/Alch      64%        1d7       3%          1
b - Mercury Vapours       Alch/Air       28%        N/A       6%          2

Your spell library contained the following spells:

 Spells                   Type           Power      Damage    Failure   Level
 Apportation              Tloc           8%         N/A       13%         1
 Mephitic Cloud           Conj/Alch/Air  13%        N/A       14%         3
 Jinxbite                 Hex            8%         N/A       19%         2
 Olgreb's Toxic Radiance  Alch           21%        N/A       22%         4
 Sticky Flame             Fire/Alch      12%        2d5       45%         4
 Alistair's Intoxication  Alch           14%        N/A       52%         5


Dungeon Overview and Level Annotations

Branches:
Dungeon (3/15)

Altars:


Message History

You hear a shout! x2; You hear a loud squeak.
You hear a shout! x3
You hit the rat.
The rat is heavily wounded.
The rat bites you.
You barely miss the rat.
The rat is heavily wounded.
The rat closely misses you.
You hit the rat.
You kill the rat!
Your Air Magic skill increases to level 1!
The ogre hits you with a +0 giant club!
There is a stone staircase leading up here.
Aiming: Mercury Vapours (safe; 6% risk of failure)
Press: ? - help, Q - select action, (/) - cycle Dir - move target, f - ogre
Aim: an ogre, wielding a +0 giant club (chance to weaken: 75%) Fumes of mercury billow around the ogre!
The ogre is poisoned.
The ogre looks weaker.
The ogre misses you.
You climb upwards.
There is a stone staircase leading down here.
Aiming: Sting (safe; 3% risk of failure)
Press: ? - help, Q - select action, (/) - cycle Shift-Dir - straight line, f - ogre
Aim: an ogre, wielding a +0 giant club (very poisoned, weak, 88% to hit)
The sting hits the ogre.
The ogre looks even sicker.
The ogre is moderately wounded.
The ogre hits you with a +0 giant club!
Ouch! That really hurt!
* * * LOW HITPOINT WARNING * * *
Throw: 7 darts (poison)
Press: ? - help, Q - select action, (/) - cycle Shift-Dir - straight line, f/p - ogre
Aim: an ogre, wielding a +0 giant club (heavily wounded, very poisoned, weak, 72% to hit)
Okay, then.
Aiming: Sting (safe; 3% risk of failure)
Press: ? - help, Q - select action, (/) - cycle Shift-Dir - straight line, f/p - ogre
Aim: an ogre, wielding a +0 giant club (heavily wounded, very poisoned, weak, 88% to hit)
The sting hits the ogre.
The ogre looks as sick as possible!
The ogre is severely wounded.
The ogre attacks as it pursues you! The ogre hits you with a +0 giant club.
You die...

#.####.####.#.#.####.####.#.#.###
#...........#.#...........#.#....
#############.#############.#####
.................................
........##.##.......####..#######
.#########.########......## .#
#.# ##..###### .# #.# ###..## .#
#.####O@.## .# #......### .#
#...>...# .## ###.##### ..#
#.##### ..#### #[....# .....#####
#.###.# .#.......#######.#
##.#.###.#.....(.#


You could see an ogre (extremely poisoned, weak).

Vanquished Creatures
  Jessica (D:2)
  3 adders (D:2)
  A dart slug (D:3)
  6 ball pythons
  2 endoplasms (D:2)
  3 giant cockroaches
  3 hobgoblins
  A jackal (D:3)
  5 kobolds
  A quokka (D:3)
  2 frilled lizards
  5 rats
33 creatures vanquished.

Notes
Turn   | Place    | Note
-------+----------+-------------------------------------------
     0 | D:1      | SmokeWeed the Deep Elf Alchemist began the quest for the
                  | Orb.
     0 | D:1      | Reached XP level 1. HP: 10/10 MP: 6/6
   133 | D:1      | Found a faded altar of an unknown god.
   374 | D:1      | Reached XP level 2. HP: 15/15 MP: 5/8
   694 | D:1      | You fall into a shaft and drop 1 floor!
   886 | D:2      | Learned a level 2 spell: Mercury Vapours
  1111 | D:2      | Reached XP level 3. HP: 12/19 MP: 0/10
  1331 | D:2      | Noticed Jessica
  1336 | D:2      | Killed Jessica
  1651 | D:2      | Reached XP level 4. HP: 7/24 MP: 1/12
  2041 | D:3      | Noticed an ogre
  2144 | D:3      | Reached skill level 1 in Air Magic
  2149 | D:2      | HP: 1/24 [ogre/+0 giant club (17)]
  2153 | D:2      | Slain by an ogre

Illustrated notes

Levels and vault maps discovered:
D:1:      minmay_arrival_plants_in_alcoves, layout_basic,
          nicolae_ecumenical_snake_handling, kennysheep_nondescript
D:2:      minmay_evil_eye, layout_basic, roderic_lattice_a, uniq_jessica
D:3:      layout_rooms, lemuel_doored_altar, minmay_fractal_squares_diagonal_5

Skill      XL: |  1  2  3  4 |
---------------+-------------+-----
Spellcasting   | 4 |  4.2
Alchemy        | 4 |  4.3
Air Magic      | 1 |  1.0
Dodging        | |  2.7
Stealth        | |  2.7
Conjurations   | |  1.9

Action                     |  1- 3 |  4- 6 || total
---------------------------+-------+-------++-------
  Melee: Dagger            |    16 |    12 ||    28
         Punch             |     2 |       ||     2
   Cast: Sting             |    29 |    18 ||    47
         Mercury Vapours   |    23 |     4 ||    27
    Use: Scroll            |     1 |     1 ||     2
 Armour: Robe              |    11 |     8 ||    19
  Dodge: Dodged            |    22 |     5 ||    27

Table legend: (Time is in decaauts)
 A = Elapsed time spent in this place.
 B = Non-inter-level travel time spent in this place.
 C = Inter-level travel time spent in this place.
 D = Time resting spent in this place.
 E = Time spent auto-exploring this place.
 F = Levels seen in this place.
 G = Mean time per level.
                   A        B        C        D        E       F      G
               +--------+--------+--------+--------+--------+-----+--------+
         Total |   2153 |   2067 |     86 |      2 |   1756 |   3 |  717.7 |
       Dungeon |   2153 |   2067 |     86 |      2 |   1756 |   3 |  717.7 |
               +--------+--------+--------+--------+--------+-----+--------+

Top non-repeatable levels by time:
     D:2: 1383 daAuts
     D:1: 693 daAuts
     D:3: 76 daAuts
